 Dungeon Crawl Stone Soup version 0.26.1-11-gd32895ea62 (webtiles) character file.

Game seed: 10152917571408285581

142 Descartes the Covert (level 5, -1/22 HPs)
             Began as a Felid Transmuter on May 2, 2021.
             Slain by a gnoll
             ... wielding a +0 spear
              (4 damage)
             ... on level 5 of the Dungeon.
             The game lasted 00:07:23 (5937 turns).

Descartes the Covert (Felid Transmuter)             Turns: 5937, Time: 00:07:24

Health: -1/22      AC:  1    Str:  6    XL:     5   Next: 4%
Magic:  8/9        EV: 18    Int: 14    God:
Gold:   205        SH:  0    Dex: 18    Spells: 7/8 levels left
                                        Lives:  0   Deaths: 1

rFire    . . .     SeeInvis +     - Unarmed
rCold    . . .     Faith    .   (shield unavailable)
rNeg     . . .     Spirit   .   (armour unavailable)
rPois    .         Reflect  .   (helmet unavailable)
rElec    .         Harm     .   (cloak unavailable)
rCorr    .         Rampage  .   (gloves unavailable)
Will     +....                  (boots unavailable)
Stlth    ++++......             (no amulet)
HPRegen  0.07/turn              g - ring of willpower
MPRegen  0.11/turn              (no ring)

@: appendages, quick
A: very small, no armour, no weapons or thrown items, stealth, claws 1, fangs 3,
horns 2, see invisible, blink, speed 1, shaggy fur 1, wild magic 1, sharp paws
a: End Transformation, Blink


You were on level 5 of the Dungeon.
You had grown temporary horns.
You visited 1 branch of the dungeon, and saw 5 of its levels.

You collected 205 gold pieces.

Inventory:

Missiles
 a - 91 stones
 k - 41 arrows
Jewellery
 g - a ring of willpower (left paw)
Scrolls
 b - a scroll of teleportation {unknown}
 c - a scroll of fear {unknown}
 l - 4 scrolls of blinking {unknown}
Potions
 d - a potion of mutation
 e - 2 potions of haste
 f - a potion of degeneration
 h - a potion of might
 i - a potion of invisibility
 j - a potion of flight
 m - 2 potions of curing
 n - a potion of brilliance {unknown}
 o - 2 potions of cancellation {unknown}


   Skills:
 - Level 1.0 Fighting
 - Level 2.6 Dodging
 + Level 8.4 Stealth
 - Level 3.0 Unarmed Combat
 - Level 2.0 Spellcasting
 - Level 2.1 Transmutations


You had 7 spell levels left.
You knew the following spells:

 Your Spells              Type           Power        Failure   Level
a - Beastly Appendage     Tmut           18%          14%         1

Your spell library contained the following spells:

 Spells                   Type           Power        Failure   Level
 Wereblood                Tmut           9%           21%         2
 Spider Form              Tmut/Pois      2%           50%         3
 Ice Form                 Ice/Tmut       5%           88%         4
 Blade Hands              Tmut           4%           97%         5


Dungeon Overview and Level Annotations

Branches:
Dungeon (5/15)             Temple (0/1) D:5

Altars:
Dithmenos
Fedhas

Annotations:
D:3 Blork the orc, Grinder


Innate Abilities, Weirdness & Mutations

You cannot wear armour.
You are incapable of wielding weapons or throwing items.
Your paws allow you to move quietly. (Stealth)
You have sharp claws.
You have razor-sharp teeth.
You have supernaturally acute eyesight. (SInv)
You cover ground quickly.
You are covered in fur. (AC +1)
Your sharp claws are effective at attacking unaware monsters.
You have a pair of horns on your head.
You can translocate small distances at will.
Your spells are a little harder to cast, but a little more powerful.


Message History

You scratch the hound.
The hound is moderately wounded.
The hound completely misses you. The hound bites you.
You scratch the hound.
The hound is heavily wounded.
The hound closely misses you.
You scratch the hound. Your headbutt misses the hound.
The hound is almost dead.
The hound barely misses you.
You miss the hound.
The hound is almost dead.
The hound bites you. The gnoll misses you. The hound closely misses you.
The gnoll hits you from afar with a +0 spear.
There is a stone staircase leading up here.
The hound bites you.
* * * LOW HITPOINT WARNING * * *
The gnoll hits you with a +0 club.
* * * LOW HITPOINT WARNING * * *
The gnoll hits you from afar with a +0 spear.
You die...

# #. #####
.##.##...#
......... .
......... ####.#
.....?..##.....#
....#...g.......
.......@hg.....#
#.......gg....##
.........g....#
......#........#
......#..§§§...>
#.....#.≈§§≈≈...
##..# .§§§≈§§≈#.
..# #§§≈>§§≈#


You could see a gnoll sergeant, a hound and 4 gnolls.

Vanquished Creatures
  A centaur skeleton (D:4)
  An orc wizard (D:3)
  An orc priest (D:3)
  5 gnolls
  2 oozes
  2 worms (D:2)
  5 dart slugs
  4 leopard geckos
  5 orcs
  2 ball pythons (D:2)
  3 giant cockroaches
  8 goblins
  9 hobgoblins
  4 jackals
  A quokka (D:2)
  11 bats
  5 frilled lizards
  4 kobolds
  A leopard gecko skeleton (D:4)
  5 rats
79 creatures vanquished.

Notes
Turn   | Place    | Note
-------+----------+-------------------------------------------
     0 | D:1      | Descartes the Felid Transmuter began the quest for the Orb.
     0 | D:1      | Reached XP level 1. HP: 9/9 MP: 4/4
    81 | D:1      | Reached skill level 1 in Stealth
   261 | D:1      | Reached skill level 2 in Stealth
   445 | D:1      | Reached XP level 2. HP: 12/12 MP: 6/6
   652 | D:1      | Reached skill level 3 in Stealth
   780 | D:1      | Reached skill level 4 in Stealth
   810 | D:1      | Reached XP level 3. HP: 15/15 MP: 7/7
  1500 | D:2      | Found a shadowy altar of Dithmenos.
  2241 | D:2      | Reached skill level 5 in Stealth
  2611 | D:2      | Reached XP level 4. HP: 16/19 MP: 8/8
  3352 | D:3      | Reached skill level 6 in Stealth
  3876 | D:2      | Reached XP level 5. HP: 19/22 MP: 9/9
  3969 | D:2      | Reached skill level 7 in Stealth
  4925 | D:3      | Found a blossoming altar of Fedhas.
  5293 | D:3      | Noticed Blork the orc
  5298 | D:3      | Noticed Grinder
  5424 | D:3      | Gained mutation: You can translocate small distances at
                  | will. [potion of mutation]
  5424 | D:3      | Gained mutation: Your spells are a little harder to cast,
                  | but a little more powerful. [potion of mutation]
  5424 | D:3      | Slain by Grinder
  5425 | D:3      | Reached XP level 4. HP: 0/19 MP: 8/8
  5784 | D:4      | Reached skill level 8 in Stealth
  5811 | D:4      | Reached XP level 5. HP: 15/22 MP: 7/9
  5929 | D:5      | Entered Level 5 of the Dungeon
  5929 | D:5      | Found a staircase to the Ecumenical Temple.
  5937 | D:5      | Slain by a gnoll

Illustrated notes

Levels and vault maps discovered:
D:1:      giann_bridges, layout_basic
D:2:      layout_basic, lemuel_doored_altar, cheibrodos_gnoll_hut
D:3:      layout_rooms, tgw_sif, serial_co_window_serial, co_window_cross_1,
          co_window_corner_a, co_window_paths_b, co_window_paths_a,
          co_window_of_opportunity_a, co_window_cross_2, co_window_2corner,
          co_window_2corner, co_window_corner_b, co_window_paths_c,
          co_window_4corner_a, fedhas_altar_2, uniq_grinder
D:4:      minmay_spotlight, layout_loops_cross, hangedman_decor_opposing,
          uniq_sigmund
D:5:      layout_cave_pools, minmay_temple_entry_mist, uniq_eustachio

Skill      XL: |  1  2  3  4  5 |
---------------+----------------+-----
Stealth        | 2 4 5 8 7 |  8.4
Fighting       | |  1.0
Dodging        | |  2.6
Unarmed Combat | |  3.0
Spellcasting   | |  2.0
Transmutations | |  2.1

Action                   |  1- 3 |  4- 6 || total
-------------------------+-------+-------++-------
Melee: Unarmed           |   114 |   132 ||   246
       Bite              |    17 |     7 ||    24
       Headbutt          |     3 |    19 ||    22
       Punch             |       |     1 ||     1
 Cast: Beastly Appendage |    11 |    27 ||    38
  Use: Scroll            |       |     6 ||     6
       Potion            |       |     1 ||     1
 Stab: Sleeping          |     9 |    13 ||    22
       Distracted        |       |     2 ||     2
Armor: Skin              |     7 |     4 ||    11
Dodge: Dodged            |   108 |   109 ||   217
